 Dungeon Crawl Stone Soup version 0.31.0-9-g3a7656b989 (webtiles) character file.

Game seed: 8215163644020577120

112361 Chiseanne the Blocker (level 16, -2/129 HPs)
             Began as a Demonspawn Shapeshifter on Feb 6, 2024.
             Was an Initiate of Gozag.
             Succumbed to a naga ritualist's toxic radiance
             ... on level 1 of the Snake Pit.
             The game lasted 01:23:43 (25065 turns).

Chiseanne the Blocker (Demonspawn Shapeshifter)    Turns: 25065, Time: 01:23:43

Health: -2/129     AC: 36    Str: 19    XL:     16   Next: 11%
Magic:  16/16      EV: 12    Int: 14    God:    Gozag
Gold:   1238       SH: 23    Dex: 15    Spells: 15/15 levels left

rFire   + + .        a - +5 mace "Betoax" {elec, rElec rPois}
rCold   x . .        U - +1 tower shield
rNeg    . . .        I - +5 fire dragon scales
rPois   .            (helmet unavailable)
rElec   +            (cloak currently unavailable)
rCorr   .            (gloves currently unavailable)
SInv    .            (boots currently unavailable)
Will    +....        M - amulet of regeneration Stlth
                     R - +4 ring of protection
HPRegen 1.21/turn    L - ring of Gehaoff {Fly AC+4 Int+2}
MPRegen 0.15/turn

%: no passive effects
@: lethally poisoned (-2 -> -18), beast-form, poison vulnerable, gold aura,
flying
A: beast (slay +4), horns 3, slimy green scales 2, demonic guardian 2, icemail
2, condensation shield, corrupting presence 2
a: Begin Untransformation, Renounce Religion, Potion Petition, Call Merchant,
Bribe Branch


You were on level 1 of the Snake Pit.
You worshipped Gozag.
Gozag was most pleased with you.
You were a hulking beast.
You visited 5 branches of the dungeon, and saw 24 of its levels.
You also visited: Ossuary.

You collected 7262 gold pieces.
You spent 3531 gold pieces at shops.
You paid 2493 gold pieces to Gozag.

Inventory:

Hand Weapons
 a - the +5 mace "Betoax" (weapon) {elec, rElec rPois}
   (You found it on level 1 of the Lair of Beasts)

   rElec:     It insulates you from electricity.
   rPois:     It protects you from poison
 s - a +9 vampiric broad axe
Missiles
 b - 3 curare-tipped darts
 k - 4 throwing nets (quivered)
 r - 14 boomerangs
 J - 2 javelins
Armour
 I - +5 fire dragon scales (worn)
 U - a +1 tower shield (worn)
Jewellery
 y - a ring of positive energy
 A - a ring of see invisible
 L - the ring of Gehaoff (right hand) {Fly AC+4 Int+2}
   (You bought it in a shop on level 4 of the Dungeon)

   [ring of protection]

   AC+4:      It affects your AC (+4).
   Int+2:     It affects your intelligence (+2).
   Fly:       It grants you flight.
 M - an amulet of regeneration (around neck)
 R - a +4 ring of protection (left hand)
Talismans
 c - a beast talisman (active)
 d - a flux talisman
Wands
 l - a wand of digging (5)
 C - a wand of flame (26)
 P - a wand of paralysis (7)
 Q - a wand of iceblast (4)
Scrolls
 f - 2 scrolls of fear
 h - 7 scrolls of identify
 p - 11 scrolls of teleportation
 w - 3 scrolls of revelation
 N - 3 scrolls of blinking
 V - a scroll of fog
Potions
 e - a potion of magic
 g - 3 potions of haste
 m - a potion of ambrosia
 q - a potion of might
 t - 9 potions of curing
 u - 3 potions of heal wounds
 D - 4 potions of cancellation
 E - 2 potions of berserk rage
 H - a potion of invisibility
 W - 2 potions of resistance


   Skills:
 * Level 12.4 Fighting
 * Level 11.3 Armour
 - Level 10.8 Dodging
 * Level 13.4 Shields
 - Level 10.3 Unarmed Combat
 - Level 10.3 Shapeshifting


You had 15 spell levels left.
You didn't know any spells.
Your spell library contained the following spells:

 Spells                   Type           Power      Damage    Failure   Level
 Magic Dart               Conj           0%         1d3       95%         1
 Summon Small Mammal      Summ           0%         N/A       95%         1
 Blink                    Tloc           0%         N/A       99%         2
 Ensorcelled Hibernation  Hex/Ice        0%         N/A       99%         2
 Lesser Beckoning         Tloc           0%         N/A       99%         2
 Mercury Vapours          Alch/Air       0%         N/A       99%         2
 Momentum Strike          Conj/Tloc      0%         3d8       99%         2
 Searing Ray              Conj           0%         2d4       99%         2
 Call Canine Familiar     Summ           0%         N/A       100%        3
 Fugue of the Fallen      Necr           0%         N/A       100%        3
 Inner Flame              Hex/Fire       0%         N/A       100%        3
 Mephitic Cloud           Conj/Alch/Air  0%         N/A       100%        3
 Passwall                 Erth           0%         N/A       100%        3
 Swiftness                Air            0%         N/A       100%        3
 Anguish                  Hex/Necr       0%         N/A       100%        4
 Flame Wave               Conj/Fire      0%         2d4       100%        4
 Fulminant Prism          Conj/Alch      0%         3d5       100%        4
 Sticky Flame             Fire/Alch      0%         2d4       100%        4
 Summon Blazeheart Golem  Fire/Summ      0%         N/A       100%        4
 Vhi's Electric Charge    Tloc/Air       0%         N/A       100%        4
 Arcjolt                  Conj/Air       0%         1d10      100%        5
 Borgnjor's Vile Clutch   Necr/Erth      0%         N/A       100%        5
 Freezing Cloud           Conj/Ice/Air   0%         6-21      100%        5
 Death Channel            Necr           0%         N/A       100%        6
 Plasma Beam              Fire/Air       0%         2x1d10    100%        6
 Orb of Destruction       Conj           0%         9d5       100%        7
 Spellforged Servitor     Conj/Summ      0%         N/A       100%        7
 Animate Dead             Necr           Unusable   N/A       N/A         4

Dungeon Overview and Level Annotations

Branches:
Dungeon (15/15)            Temple (1/1) D:5            Lair (5/5) D:8
  Swamp (0/4) Lair:2        Snake (1/4) Lair:3        Slime (0/5) Lair:4
    Orc (2/2) D:12            Elf (0/3) Orc:2        Vaults (0/5) D:13
 Depths (0/4) D:15        Ossuary (visited)

Altars:
Ashenzari
Cheibriados
Dithmenos
Fedhas
Gozag
Hepliaklqana
Kikubaaqudgha
Makhleb
Nemelex Xobeh
Okawaru
Qazlal
Ru
Sif Muna
Trog
Uskayaw
Vehumet
Wu Jian
Xom
Yredelemnul
Jiyva

Shops:
D:2 !   D:4 =   D:14 (   D:15 [[(   Orc:2 ***??(!

Annotations:
D:15 Roxanne


Innate Abilities, Weirdness & Mutations

You are a hulking beast.
Your limbs bulge with bestial killing power. (Slay +4)
You have a pair of large horns on your head.
You are mostly covered in slimy green scales. (AC +3)
A demonic guardian rushes to your aid.
A meltable icy envelope protects you from harm. (AC +8)
A meltable shield of frost defends you. (SH +4)
Your presence sometimes corrodes or deforms those you injure.


Message History

The mana viper is moderately wounded.
You feel very sick.
You are more poisoned.
You block the mana viper's attack. x2
You hit the mana viper.
The mana viper is moderately wounded.
You feel very sick.
* * * LOW HITPOINT WARNING * * *
You are more poisoned.
* * * LOW HITPOINT WARNING * * *
You are more poisoned.
The naga ritualist's toxic aura wanes.
You block the mana viper's attack.
The black mamba is distracted by your dazzling golden aura.
You block the mana viper's attack.
The naga ritualist mumbles some strange prayers to its god.
The naga ritualist begins to radiate toxic energy.
* * * LOW HITPOINT WARNING * * *
You are more poisoned.
The mana viper bites you but does no damage.
You closely miss the mana viper. Your headbutt misses the mana viper.
The mana viper is moderately wounded.
You feel extremely sick.
* * * LOW HITPOINT WARNING * * *
A demonic guardian appears!
You are lethally poisoned!
* * * LOW HITPOINT WARNING * * *
You are more poisoned.
You block the mana viper's attack.
You hit the naga ritualist.
You headbutt the naga ritualist, but do no damage.
The naga ritualist is lightly wounded.
* * * LOW HITPOINT WARNING * * *
You feel extremely sick.
* * * LOW HITPOINT WARNING * * *
You are more poisoned.
The black mamba is no longer distracted by gold.
The naga ritualist hits you but does no damage.
You block the naga ritualist's attack.
You swap places.
You die...
Your body crumbles into a pile of gold.

...........)).. #..........#
#..........)#.. ##..........#
............##. ##...........
###.......###. #...........#
###.......##.. #...........#
..###.#........ #..........#
#....#..##......
#.........S###....##..##......
#........SN3h>#####.#.##..#..
##.......######....###.#..#..
##......# ####..# #..#....
##....## ###.....#####.....
#..######.........# ##....
###....##...........## #.##.
#....................# #.###
#.......##...........######
#.........#............##.#


You could see a naga ritualist (toxic aura), a mana viper (ally target), a black
mamba and a friendly smoke demon (summoned).

Vanquished Creatures
  Louise (D:15)
  An orc warlord (Orc:1)
  A stone giant (D:15)
  Nessos (D:15)
  Snorg (D:14)
  3 hydras
  Harold (Orc:1)
  8 vault guards
  2 ogre magi (Orc:2)
  A catoblepas (Lair:2)
  3 anacondas (Snake:1)
  A centaur warrior (D:13)
  6 boulder beetles
  11 two-headed ogres
  9 death yaks
  4 tengu warriors (D:15)
  3 naga sharpshooters (Snake:1)
  2 shock serpents (Snake:1)
  Amaemon (Lair:3)
  2 skeletal warriors (D:15)
  2 sea snakes (Snake:1)
  2 mana vipers (Snake:1)
  3 deep trolls
  An orc knight (D:15)
  An oklob plant (Lair:5)
  A deep elf pyromancer (D:14)
  A necromancer (D:15)
  2 manticores
  4 ugly things
  4 cyclopes
  13 elephants
  A kobold blastminer (Orc:2)
  6 salamanders
  14 cane toads
  13 black mambas
  3 naga magi (Snake:1)
  4 torpor snails
  A gargoyle (D:12)
  An orange demon (Lair:3)
  3 unseen horrors
  4 rime drakes
  4 yaktaurs
  2 komodo dragons
  3 tengu conjurers (D:15)
  5 polar bears
  16 trolls
  3 tyrant leeches
  4 hornets
  33 blink frogs
  Prince Ribbit (D:6)
  A shadow (D:11)
  Sigmund (D:2)
  8 dream sheep
  3 slime creatures (D:15)
  9 spriggans (Lair:5)
  A centaur simulacrum (D:14)
  A human (shapeshifter) (D:14)
  3 wyverns
  43 yaks
  3 wargs
  6 basilisks
  A golden eye (shapeshifter) (D:15)
  7 nagas (Snake:1)
  5 vampire mosquitoes
  Menkaure (Ossuary)
  3 swamp worms (Lair:2)
  A steam dragon (D:8)
  16 water moccasins
  5 orc warriors
  3 sky beasts (D:7)
  A black bear (Lair:5)
  An ice beast (D:6)
  31 wolves
  22 ogres
  5 boggarts (Lair:5)
  2 centaurs
  A phantom (D:5)
  14 bullfrogs
  3 kobold brigands
  A scorpion (D:7)
  12 wights
  4 killer bees
  9 howler monkeys
  4 lava snakes (Lair:3)
  A hound (D:5)
  2 jellies
  12 orc priests
  3 gnoll boudas
  3 sleepcaps
  Jessica (D:2)
  3 iguanas
  15 orc wizards
  3 mummies (Ossuary)
  Robin (D:2)
  4 adders
  18 gnolls
  A white imp (D:6)
  2 ufetubi (D:6)
  14 dart slugs
  3 ribbon worms
  51 orcs
  4 endoplasms (D:1)
  2 giant cockroaches (D:2)
  2 gnoll zombies (Ossuary)
  13 goblins
  10 hobgoblins
  A jackal (D:1)
  21 kobolds
  8 quokkas
  7 ball pythons
  4 bats
  3 frilled lizards
  7 gnoll skeletons (Ossuary)
  4 goblin skeletons (Ossuary)
  4 goblin zombies (Ossuary)
  3 hobgoblin skeletons (Ossuary)
  4 hobgoblin zombies (Ossuary)
  2 kobold skeletons (Ossuary)
  10 kobold zombies (Ossuary)
  6 orc skeletons (Ossuary)
  3 orc zombies (Ossuary)
  4 rats
  3 rat skeletons (Ossuary)
  2 rat zombies (Ossuary)
  A butterfly (D:5)
713 creatures vanquished.

Vanquished Creatures (collateral kills)
  A centaur warrior (D:15)
  A two-headed ogre (Orc:2)
  2 skeletal warriors (D:15)
  A naga ritualist (Snake:1)
  A lindwurm (Lair:1)
  A cyclops (D:15)
  A black mamba (Snake:1)
  4 elephants
  A gargoyle (D:13)
  A komodo dragon (Lair:3)
  2 blink frogs (Lair:4)
  2 yaks (D:9)
  A vampire mosquito (D:15)
  A naga (Snake:1)
  A water moccasin (Lair:3)
  2 wolves (Lair:1)
  An ogre (Orc:2)
  A howler monkey (D:7)
  An orc priest (D:7)
  A sleepcap (D:4)
  An orc wizard (D:6)
  A dart slug (D:3)
29 creatures vanquished.

Vanquished Creatures (others)
  2 orc wizards
  An orc (Orc:1)
3 creatures vanquished.

Grand Total: 745 creatures vanquished

Notes
Turn   | Place    | Note
-------+----------+-------------------------------------------
     0 | D:1      | Chiseanne the Demonspawn Shapeshifter began the quest for
                  | the Orb.
     0 | D:1      | Reached XP level 1. HP: 15/15 MP: 1/1
   211 | D:1      | Gained mutation: You have a pair of small horns on your
                  | head. [demonic ancestry]
   211 | D:1      | Reached XP level 2. HP: 13/21 MP: 2/2
   510 | D:1      | Gained mutation: A meltable shield of frost defends you.
                  | (SH +4) [demonic ancestry]
   510 | D:1      | Reached XP level 3. HP: 26/26 MP: 3/3
   816 | D:2      | Noticed Jessica
   825 | D:2      | Killed Jessica
   826 | D:2      | Reached skill level 1 in Armour
   852 | D:2      | Gained mutation: A meltable icy envelope protects you from
                  | harm. (AC +8) [demonic ancestry]
   852 | D:2      | Reached XP level 4. HP: 27/33 MP: 4/4
   946 | D:2      | Noticed an ogre
   972 | D:2      | Killed an ogre
   973 | D:2      | Gained mutation: A weak demonic guardian rushes to your
                  | aid. [demonic ancestry]
   973 | D:2      | Reached XP level 5. HP: 35/39 MP: 5/5
  1044 | D:2      | Found Cerajol's Distillery.
  1059 | D:2      | Noticed Sigmund
  1073 | D:2      | Killed Sigmund
  1074 | D:2      | Gained mutation: You are partially covered in slimy green
                  | scales. (AC +2) [demonic ancestry]
  1074 | D:2      | Reached XP level 6. HP: 23/46 MP: 6/6
  1630 | D:2      | Noticed Robin
  1649 | D:2      | Killed Robin
  1672 | D:2      | Found a faded altar of an unknown god.
  2107 | D:3      | Found a snail-covered altar of Cheibriados.
  2117 | D:3      | Found a hazy altar of Hepliaklqana.
  2756 | D:4      | Found Hosonikk's Jewellery Shop.
  3044 | D:3      | Gained mutation: A meltable icy envelope protects you from
                  | harm. (AC +8) [demonic ancestry]
  3044 | D:3      | Reached XP level 7. HP: 39/52 MP: 7/7
  3457 | D:4      | Noticed a wyvern
  3471 | D:4      | Killed a wyvern
  3657 | D:5      | Entered Level 5 of the Dungeon
  3814 | D:5      | Killed an unseen horror
  3815 | D:5      | Reached XP level 8. HP: 25/60 MP: 8/8
  3979 | D:5      | Found an iron altar of Okawaru.
  4206 | D:5      | Found a staircase to the Ecumenical Temple.
  4211 | Temple   | Entered the Ecumenical Temple
  4632 | D:6      | Reached skill level 5 in Unarmed Combat
  4660 | D:6      | Found a broken altar of Ashenzari.
  4740 | D:6      | Noticed Prince Ribbit
  4750 | D:6      | Killed Prince Ribbit
  4751 | D:6      | Reached skill level 5 in Fighting
  4908 | D:6      | Found a sand-covered staircase.
  4914 | Ossuary  | Entered an ossuary
  4973 | Ossuary  | Reached skill level 5 in Shapeshifting
  5197 | Ossuary  | Noticed Menkaure
  5207 | Ossuary  | Killed Menkaure
  5208 | Ossuary  | Reached skill level 5 in Dodging
  5525 | D:6      | Gained mutation: You have a pair of horns on your head.
                  | [demonic ancestry]
  5525 | D:6      | Reached XP level 9. HP: 50/68 MP: 9/9
  5608 | D:6      | Found an opulent altar of Gozag.
  5658 | D:6      | Became a worshipper of Gozag Ym Sagoz the Greedy
  6054 | D:7      | Found a radiant altar of Vehumet.
  6063 | D:7      | Reached skill level 5 in Armour
  6065 | D:7      | Noticed a two-headed ogre
  6089 | D:7      | Killed a two-headed ogre
  6505 | D:7      | Found an ornate altar of the Wu Jian Council.
  6822 | D:8      | Noticed a two-headed ogre
  6884 | D:8      | Gained mutation: You are mostly covered in slimy green
                  | scales. (AC +3) [demonic ancestry]
  6884 | D:8      | Reached XP level 10. HP: 44/77 MP: 10/10
  7049 | D:8      | Found a shimmering blue altar of Sif Muna.
  7106 | D:8      | Killed a two-headed ogre
  7204 | D:8      | Found a staircase to the Lair.
  7573 | D:8      | Found a shimmering altar of Xom.
  8263 | D:9      | Noticed a two-headed ogre
  8282 | D:9      | Killed a two-headed ogre
  9005 | D:4      | Bought the ring of Gehaoff {Fly AC+4 Int+2} for 542 gold
                  | pieces
  9007 | D:4      | Bought an amulet of regeneration for 330 gold pieces
  9256 | D:9      | Found an ancient bone altar of Kikubaaqudgha.
  9326 | D:10     | Entered Level 10 of the Dungeon
  9419 | D:10     | Reached XP level 11. HP: 61/85 MP: 11/11
  9744 | D:10     | Found a hide-covered altar of Uskayaw.
 10332 | D:11     | Found the +1 robe of Vines {NoPotionHeal Regen++++}
 10892 | D:12     | Noticed a purple ugly thing
 10904 | D:12     | Killed a purple ugly thing
 11221 | D:12     | Found a staircase to the Orcish Mines.
 11383 | D:12     | Noticed a brown ugly thing
 11395 | D:12     | Killed a brown ugly thing
 11592 | D:12     | Noticed a boulder beetle
 11608 | D:12     | Killed a boulder beetle
 11629 | D:12     | Noticed a green ugly thing
 11653 | D:12     | Killed a green ugly thing
 11901 | D:12     | Noticed a two-headed ogre
 11906 | D:12     | Killed a two-headed ogre
 12430 | D:13     | Noticed a four-headed hydra
 12447 | D:13     | Killed a four-headed hydra
 12484 | D:13     | Noticed a vault guard
 12484 | D:13     | Noticed a vault guard
 12484 | D:13     | Noticed a vault guard
 12484 | D:13     | Noticed a vault guard
 12485 | D:13     | Found a gate to the Vaults.
 12485 | D:13     | Noticed a vault guard
 12485 | D:13     | Noticed a vault guard
 12485 | D:13     | Noticed a vault guard
 12486 | D:13     | Noticed a vault guard
 12498 | D:13     | Killed a vault guard
 12499 | D:13     | Gained mutation: You have a pair of large horns on your
                  | head. [demonic ancestry]
 12499 | D:13     | Reached XP level 12. HP: 61/95 MP: 12/12
 12510 | D:13     | Killed a vault guard
 12515 | D:13     | Killed a vault guard
 12532 | D:13     | Killed a vault guard
 12561 | D:12     | Killed a vault guard
 12639 | D:12     | Killed a vault guard
 12686 | D:13     | Killed a vault guard
 12814 | D:13     | Killed a vault guard
 12937 | D:13     | Noticed a centaur warrior
 12946 | D:13     | Killed a centaur warrior
 13610 | D:14     | Noticed Snorg
 13644 | D:14     | Killed Snorg
 13799 | D:14     | Found Cufuveud's Weapon Shop.
 13953 | D:14     | Noticed a boulder beetle
 13967 | D:14     | Killed a boulder beetle
 14420 | D:14     | Found a blossoming altar of Fedhas.
 14630 | D:15     | Entered Level 15 of the Dungeon
 14673 | D:14     | Reached skill level 10 in Fighting
 14719 | D:15     | Noticed a tengu warrior
 14734 | D:15     | Killed a tengu warrior
 14778 | D:15     | Noticed a boulder beetle
 14780 | D:15     | Noticed Roxanne
 14796 | D:15     | Killed a boulder beetle
 14829 | D:15     | Gained mutation: A demonic guardian rushes to your aid.
                  | [demonic ancestry]
 14829 | D:15     | Reached XP level 13. HP: 90/103 MP: 13/13
 14895 | D:15     | Noticed a stone giant
 14915 | D:15     | Killed a stone giant
 14916 | D:15     | HP: 4/104 [tengu conjurer/bolt of lightning (17)]
 14987 | D:15     | Found a staircase to the Depths.
 15053 | D:15     | Noticed Nessos
 15069 | D:15     | Killed Nessos
 15186 | D:15     | Noticed Louise
 15212 | D:15     | Killed Louise
 15220 | D:15     | Reached skill level 10 in Unarmed Combat
 15562 | D:15     | Reached skill level 10 in Dodging
 15898 | Orc:1    | Entered Level 1 of the Orcish Mines
 16081 | Orc:1    | Noticed Harold
 16099 | Orc:1    | Killed Harold
 16123 | Orc:1    | Noticed an orc warlord
 16158 | Orc:1    | Killed an orc warlord
 16304 | Orc:2    | Entered Level 2 of the Orcish Mines
 16305 | Orc:2    | Found Maono's General Store.
 16375 | Orc:2    | Bought a potion of curing for 33 gold pieces
 16452 | Orc:2    | Found a staircase to the Elven Halls.
 16647 | Orc:2    | Found Xid Ibeplo's CLEARANCE SALE!.
 16654 | Orc:2    | Bought a scroll of fear for 16 gold pieces
 16686 | Orc:2    | Reached skill level 10 in Armour
 16973 | Orc:2    | Paralysed by something for 3 turns
 17146 | Orc:2    | Reached skill level 10 in Shapeshifting
 17146 | Orc:2    | Reached XP level 14. HP: 74/113 MP: 14/14
 17212 | Orc:2    | Paralysed by an ogre mage for 5 turns
 17466 | Orc:2    | Found Kan Xet's Antique Weapon Emporium.
 17466 | Orc:2    | Found Avaler's Assorted Antiques.
 17501 | Orc:2    | Found Foff's Distillery.
 17556 | Orc:2    | Found Nosoi's Magic Scroll Emporium.
 17559 | Orc:2    | Bought a potion of heal wounds for 75 gold pieces
 17559 | Orc:2    | Bought a potion of heal wounds for 75 gold pieces
 17559 | Orc:2    | Bought a potion of resistance for 150 gold pieces
 17564 | Orc:2    | Bought a scroll of enchant armour for 105 gold pieces
 17564 | Orc:2    | Bought a scroll of enchant armour for 105 gold pieces
 17591 | Orc:2    | Found Naobrouz's Magic Scroll Shop.
 17599 | Orc:2    | Bought a scroll of teleportation for 42 gold pieces
 17599 | Orc:2    | Bought a scroll of revelation for 105 gold pieces
 17806 | Lair:1   | Entered Level 1 of the Lair of Beasts
 18066 | Lair:1   | Identified the +5 mace "Betoax" {elec, rElec rPois}
 18097 | Lair:1   | Reached skill level 1 in Shields
 18312 | Lair:1   | Reached skill level 2 in Shields
 18585 | Lair:2   | Reached skill level 3 in Shields
 18640 | Lair:2   | Reached skill level 4 in Shields
 18830 | Lair:2   | Found a snail-covered altar of Cheibriados.
 18921 | Lair:2   | Reached skill level 5 in Shields
 18967 | Lair:2   | Reached skill level 6 in Shields
 19301 | Lair:2   | Reached skill level 7 in Shields
 19389 | Lair:2   | Found a staircase to the Swamp.
 19999 | Lair:3   | Reached skill level 8 in Shields
 20108 | Lair:3   | Noticed Amaemon
 20120 | Lair:3   | Killed Amaemon
 20134 | Lair:3   | Found a shimmering altar of Xom.
 20333 | Lair:3   | You are sucked into a shaft and drop 1 floor!
 20375 | Lair:4   | Reached skill level 9 in Shields
 20418 | Lair:4   | Found a viscous altar of Jiyva.
 20420 | Lair:4   | Found a staircase to the Slime Pits.
 20482 | Lair:4   | Gained mutation: Your presence sometimes corrodes those you
                  | injure. [demonic ancestry]
 20482 | Lair:4   | Reached XP level 15. HP: 120/120 MP: 15/15
 20674 | Lair:4   | Reached skill level 10 in Shields
 20900 | Lair:4   | Identified the +4 dagger "Rahuovin" {drain, rN+}
 21409 | Lair:5   | Entered Level 5 of the Lair of Beasts
 21469 | Lair:5   | Reached skill level 11 in Shields
 21725 | Lair:5   | Identified the serpent talisman "Ixeytis" {rF+}
 22120 | Lair:5   | Reached skill level 12 in Shields
 23234 | D:15     | Found a sparkling altar of Nemelex Xobeh.
 23447 | D:15     | Bought a fading plate armour for 1176 gold pieces
 23447 | D:15     | Identified the +1 plate armour of Ruzetz {+Inv rPois Str-4
                  | Slay+5} (You bought it in a shop on level 15 of the
                  | Dungeon)
 23447 | D:15     | Bought a masterwork chain mail for 399 gold pieces
 23447 | D:15     | Identified the +2 chain mail "Bepnimin" {Str+4 Dex-2 SInv}
                  | (You bought it in a shop on level 15 of the Dungeon)
 23447 | D:15     | Bought a shimmering scale mail for 378 gold pieces
 23447 | D:15     | Identified the +7 scale mail of Rurius {rCorr} (You bought
                  | it in a shop on level 15 of the Dungeon)
 23854 | Lair:3   | Found a staircase to the Snake Pit.
 23868 | Lair:3   | Reached skill level 13 in Shields
 24073 | Snake:1  | Entered Level 1 of the Snake Pit
 24478 | Snake:1  | Gained mutation: Your presence sometimes corrodes or
                  | deforms those you injure. [demonic ancestry]
 24478 | Snake:1  | Reached XP level 16. HP: 104/127 MP: 16/16
 25064 | Snake:1  | HP: 3/129 [poisoned by a naga ritualist (toxic radiance)]
 25065 | Snake:1  | Succumbed to a naga ritualist's toxic radiance

Illustrated notes

Levels and vault maps discovered:
D:1:      dpeg_arrival_water_temple_mockup, layout_basic,
          wander_ebering_terrifying_dragon_lair
D:2:      layout_basic, ebering_ecumenical_altar_sacrificial, serial_shops,
          shop, kennysheep_generic_room_14, uniq_jessica, uniq_sigmund,
          uniq_robin
D:3:      kennysheep_slugbush, layout_loops_ring, jmf_multi_god_temple2,
          chequers_serial_rivers_micro_b, nicolae_houndstooth_variations
D:4:      layout_basic, serial_shops, shop
D:5:      layout_rooms, general_overflow_altar, minmay_temple_entry_butterflies
D:6:      layout_loops_ring, mainiacjoe_overflow_chevrons,
          nicolae_gozag_seed_capital, nicolae_ossuary_entry_false_entrances,
          hangedman_abyss_or_decor_stagger, chequers_jeans, uniq_prince_ribbit1
D:7:      layout_rooms, nicolae_wu_jian_wuxing_cycle, vehumet_crystals,
          kennysheep_generic_room_11
D:8:      layout_rooms, mainiacjoe_overflow_tiny_flanked,
          mainiacjoe_overflow_paths, dpeg_oklobed_lair
D:9:      layout_irregular_city, minitemple, st_stairs_7
D:10:     layout_basic, nicolae_uskayaw_murder_on_the_dancefloor
D:11:     layout_irregular_city
D:12:     layout_basic, erik_orc_4, serial_co_window_serial, co_window_paths_b,
          co_window_paths_a, co_window_corner_a, co_window_of_opportunity_a,
          co_window_paths_b, co_window_corner_a, co_window_paths_a,
          co_window_unsneaky_path_d, co_window_of_opportunity_c,
          co_window_of_opportunity_c, co_window_paths_c,
          co_window_of_opportunity_c, co_window_4corner_b, glass_columns_a,
          glass_columns_b, glass_columns_a, roderic_st_hans_cross,
          grunt_decor_one_mirror
D:13:     layout_gridville, erik_vaults_2, gauntlet_entry_generic
D:14:     layout_stronghold, serial_shops, nicolae_shop_rolling_square,
          fedhas_altar_fruit_tree, zin_statuary, uniq_snorg
D:15:     hangedman_depths_entry_civil_slaughter, layout_basic,
          minmay_misc_feat_columns, nemelex_lonely_heart_becter, uniq_roxanne,
          uniq_nessos, uniq_louise
Temple:   hellmonk_temple_rainy
Lair:1:   layout_misc_corridors, nzn_sisyphean_effort, grunt_megastairs_2
Lair:2:   layout_chaotic_city, minmay_swamp_entry_worms, basic_altar,
          kennysheep_snail_temple
Lair:3:   layout_roguey, nicolae_snake_entry_warm_welcome, basic_altar,
          uniq_amaemon
Lair:4:   layout_regular_city, slime_entry_1, grunt_megastairs_4
Lair:5:   minmay_lair_end_enchanted_forest, layout_cellular_growth
Snake:1:  layout_chambers, nicolae_snake_springs
Orc:1:    layout_diamond_mine, gammafunk_ghost_cemetery, uniq_harold, uniq_erica
Orc:2:    st_orc_open, layout_diamond_mine, serial_shops, shop,
          nicolae_shop_tiny_glass, nicolae_shop_clearance

Skill      XL: |  1  2  3  4  5  6  7  8  9 10 11 12 13 14 15 |
---------------+----------------------------------------------+-----
Dodging        | 2 3 4 5 6 7 8 9 10 | 10.8
Armour         | 1 2 3 4 5 6 8 9 10 11 | 11.3
Unarmed Combat | 3 4 5 6 7 8 9 10 | 10.3
Shapeshifting  | 3 4 5 6 7 8 9 10 | 10.3
Fighting       | 2 3 4 5 6 7 9 10 11 12 | 12.4
Shields        | 9 13 | 13.4

Action                     |  1- 3 |  4- 6 |  7- 9 | 10-12 | 13-15 | 16-18 || total
---------------------------+-------+-------+-------+-------+-------+-------++-------
  Melee: Unarmed           |    73 |   181 |   124 |       |       |       ||   378
         Punch             |     2 |     6 |    17 |    37 |    37 |       ||    99
         Headbutt          |    10 |    23 |    76 |   151 |   461 |    25 ||   746
         Rapier            |       |       |   229 |   464 |   391 |       ||  1084
         Trident           |       |       |     7 |   116 |   389 |       ||   512
         War axe           |       |       |       |     2 |       |       ||     2
         Mace              |       |       |       |       |   834 |    85 ||   919
  Throw: Dart              |       |       |     2 |    13 |    12 |       ||    27
         Throwing net      |       |       |     1 |     2 |     1 |       ||     4
 Invoke: Call Merchant     |       |       |       |       |     3 |       ||     3
  Evoke: Wand              |       |       |       |    11 |    17 |       ||    28
    Use: Scroll            |     3 |     5 |    13 |     7 |    11 |       ||    39
         Potion            |       |     5 |     2 |       |     3 |       ||    10
   Stab: Distracted        |       |     2 |       |     1 |     8 |       ||    11
         Invisible         |       |       |       |       |     3 |       ||     3
 Armour: Ring mail         |    40 |    91 |   219 |   550 |   256 |       ||  1156
         Animal skin       |     3 |       |       |       |       |       ||     3
         Skin              |       |     5 |    12 |       |       |       ||    17
         Chain mail        |       |       |       |       |   297 |       ||   297
         Fire dragon scale |       |       |       |       |   996 |    71 ||  1067
  Dodge: Dodged            |    30 |    85 |   176 |   424 |  1044 |    40 ||  1799
  Block: Other             |     2 |    30 |    45 |   117 |    72 |       ||   266
         Buckler           |       |       |       |       |   620 |       ||   620
         Tower shield      |       |       |       |       |   791 |   202 ||   993
   Form: Beast             |     1 |       |       |       |       |       ||     1
